 Dungeon Crawl Stone Soup version 0.23.1-38-g628c18f423 (webtiles) character file.

Game seed: 6629148193597610833

33 Marnok the Covered (level 3, -2/29 HPs)
             Began as a Human Fighter on Mar 28, 2019.
             Slain by a worker ant (5 damage)
             ... on level 1 of the Dungeon.
             The game lasted 00:05:37 (982 turns).

Marnok the Covered (Human Fighter)                   Turns: 982, Time: 00:05:38

Health: -2/29      AC:  6    Str: 16    XL:     3   Next: 47%
Magic:  3/3        EV:  7    Int:  8    God:
Gold:   57         SH:  9    Dex: 13    Spells: 2/2 levels left

rFire    . . .     SeeInvis .   a - +0 long sword
rCold    . . .     Gourm    .   c - +0 shield
rNeg     . . .     Faith    .   b - +0 scale mail
rPois    .         Spirit   .   (no helmet)
rElec    .         Reflect  .   (no cloak)
rCorr    .         Harm     .   (no gloves)
MR       .....     Rnd*Rage +   (no boots)
Stlth    ..........             (no amulet)
HPRegen  0.09/turn              (no ring)
MPRegen  0.08/turn              (no ring)

@: lethally poisoned (-2 -> -9)
A: berserk 1, blink, wild magic 1
a: Blink


You were on level 1 of the Dungeon.
You were hungry.

You visited 1 branch of the dungeon, and saw 3 of its levels.

You collected 57 gold pieces.

Inventory:

Hand Weapons
 a - a +0 long sword (weapon)
Missiles
 k - 35 sling bullets
 l - 8 curare-tipped needles
Armour
 b - a +0 scale mail (worn)
 c - a +0 shield (worn)
Scrolls
 g - 3 scrolls of identify {unknown}
 i - a scroll of immolation {unknown}
 j - 2 scrolls of remove curse {unknown}
Potions
 d - a potion of might
 m - a potion of curing {unknown}
Comestibles
 f - 5 rations
 h - 9 chunks of flesh


   Skills:
 + Level 3.2 Fighting
 + Level 2.5 Long Blades
 + Level 3.3 Armour
 + Level 0.5 Dodging
 + Level 3.3 Shields


You had 2 spell levels left.
You didn't know any spells.
Your spell library was empty.

Dungeon Overview and Level Annotations

Branches:
Dungeon (3/15)

Altars:


Innate Abilities, Weirdness & Mutations

You tend to lose your temper in combat.
You can translocate small distances at will.
Your spells are a little harder to cast, but a little more powerful.


Message History

The frilled lizard hisses angrily.
The worker ant barely misses you.
You are feeling hungry.
The worker ant bites you.
* * * LOW HITPOINT WARNING * * *
A kobold comes into view. It is wielding a +0 short sword.
The hobgoblin shouts!
You block the worker ant's attack.
There is a stone staircase leading up here.
You block the kobold's attack. The worker ant bites you.
* * * LOW HITPOINT WARNING * * *
You are lethally poisoned!
The worker ant poisons you!
You climb upwards.
* * * LOW HITPOINT WARNING * * *
You feel sick.
There is a stone staircase leading down here.
* * * LOW HITPOINT WARNING * * *
You feel sick. The worker ant bites you.
You die...

..##.#.......##.....# #.###..
..#.#.#....#..##.#### #......
...#.##....##.##.# #####..
....##.#...##.##.# #..#
......#.#..##..#.# ##########..##
.......##..###.#.###....#.....##.
...(.)...#.'.......'....'....##..
.(.÷.......####..###....#...##.#.
##.####....# #.@# #....#...#.##.
#..# #....# #aK# #....#...#.##.
..## ####.# ##.# #....#...#.#.#
.#########.### #.# #....#...#..##
.............# #.# #######..#.##.
...........#.# #.# ##..##..
############.# #.# #.##..#
..<.[≈≈≈≈≈≈#)###.## #.#..##
≈≈≈≈≈≈≈....'......# #...##


You could see a worker ant and a kobold.

Vanquished Creatures
  A worm (D:2)
  A leopard gecko (D:1)
  A giant cockroach (D:1)
  2 goblins
  2 hobgoblins (D:1)
  10 jackals
  4 bats
  2 frilled lizards
  A kobold (D:1)
  2 rats (D:1)
26 creatures vanquished.

Notes
Turn   | Place    | Note
-------+----------+-------------------------------------------
     0 | D:1      | Marnok the Human Fighter began the quest for the Orb.
     0 | D:1      | Reached XP level 1. HP: 18/18 MP: 1/1
    55 | D:1      | Reached XP level 2. HP: 22/24 MP: 2/2
   563 | D:1      | Reached XP level 3. HP: 29/29 MP: 3/3
   942 | D:2      | Gained mutation: You tend to lose your temper in combat.
                  | [potion of mutation]
   942 | D:2      | Gained mutation: Your spells are a little harder to cast,
                  | but a little more powerful. [potion of mutation]
   942 | D:2      | Gained mutation: You can translocate small distances at
                  | will. [potion of mutation]
   982 | D:1      | Slain by a worker ant

Action                   || total
-------------------------++-------
Melee: Long sword        ||   107
  Use: Potion            ||     1
Armor: Scale mail        ||    63
Dodge: Dodged            ||    34
Block: Shield            ||    68
       Rpst.: Long sword ||    11
